 Dungeon Crawl Stone Soup version 0.23.2-40-g277498a001 (webtiles) character file.

Game seed: 12168470944769431380

123 MalarOregon the Slasher (level 5, -2/41 HPs)
             Began as a Merfolk Skald on Aug 13, 2019.
             Slain by a crimson imp (3 damage)
             ... on level 4 of the Dungeon.
             The game lasted 00:02:16 (1548 turns).

MalarOregon the Slasher (Merfolk Skald)             Turns: 1548, Time: 00:02:17

Health: -2/41      AC:  3    Str: 12 (13) XL:     5   Next: 7%
Magic:  8/8        EV: 12    Int: 10 (12) God:
Gold:   73         SH:  0    Dex: 10 (13) Spells: 7/8 levels left

rFire    . . .     SeeInvis .   a - +0 falchion
rCold    . . .     Gourm    .   (no shield)
rNeg     . . .     Faith    .   b - +0 leather armour
rPois    .         Spirit   .   h - +0 hat
rElec    .         Reflect  .   (no cloak)
rCorr    .         Harm     .   (no gloves)
MR       .....                  (no boots)
Stlth    ..........             (no amulet)
HPRegen  0.13/turn              k - ring of attention (curse)
MPRegen  0.11/turn              (no ring)

@: no status effects
A: change form in water, swift swim, stealthy swim
a: no special abilities


You were on level 4 of the Dungeon.
You were not hungry.

You visited 1 branch of the dungeon, and saw 3 of its levels.

You collected 73 gold pieces.

Inventory:

Hand Weapons
 a - a +0 falchion (weapon)
Armour
 b - a +0 leather armour (worn)
 h - a +0 hat (worn)
   (You found it on level 1 of the Dungeon)
Jewellery
 k - a cursed ring of attention (left hand)
   (You found it on level 2 of the Dungeon)
Scrolls
 d - a scroll of immolation {!r}
 f - 2 scrolls of teleportation {unknown}
 g - a scroll of acquirement {unknown}
 j - a scroll of enchant armour {unknown}
 l - a scroll of fog {unknown}
Potions
 c - a potion of degeneration {!q}
Comestibles
 e - a ration {!d}


   Skills:
 + Level 3.1 Fighting
 * Level 3.9 Long Blades
 + Level 1.5 Armour
 + Level 3.8 Dodging
 - Level 2.0 Spellcasting
 - Level 3.2 Charms


You had 7 spell levels left.
You knew the following spells:

 Your Spells              Type           Power        Failure   Level  Hunger
a - Infusion              Chrm           #...         11%         1    ##.....

Your spell library contained the following spells:

 Spells                   Type           Power        Failure   Level  Hunger
 Song of Slaying          Chrm           #.......     16%         2    ###....
 Shroud of Golubria       Chrm/Tloc      #.........   30%         2    ###....
 Regeneration             Chrm/Necr      #.........   52%         3    ####...
 Spectral Weapon          Hex/Chrm       #.......     52%         3    ####...


Dungeon Overview and Level Annotations

Branches:
Dungeon (2/15)

Altars:
Xom


Message History

You barely miss the crimson imp. The crimson imp hits you.
* * * LOW HITPOINT WARNING * * *
You closely miss the crimson imp.
The crimson imp blinks!
The crimson imp picks up a beetle and eats it.
You closely miss the crimson imp.
The crimson imp hits you but does no damage.
You barely miss the crimson imp. The crimson imp closely misses you.
The crimson imp hits you but does no damage.
You barely miss the crimson imp. The crimson imp hits you.
* * * LOW HITPOINT WARNING * * *
You miss the crimson imp. The crimson imp closely misses you.
You hit the crimson imp.
The crimson imp blinks!
The crimson imp blinks!
The crimson imp blinks!
The crimson imp picks up a beetle and eats it.
You hit the crimson imp. The crimson imp hits you.
* * * LOW HITPOINT WARNING * * *
You miss the crimson imp. The crimson imp hits you.
* * * LOW HITPOINT WARNING * * *
You hit the crimson imp. The crimson imp hits you.
* * * LOW HITPOINT WARNING * * *
You hit the crimson imp but do no damage.
The crimson imp hits you.
* * * LOW HITPOINT WARNING * * *
You miss the crimson imp. The crimson imp barely misses you.
The crimson imp misses you.
You riposte.
You closely miss the crimson imp. You hit the crimson imp.
The crimson imp misses you.
You barely miss the crimson imp. The crimson imp barely misses you.
You hit the crimson imp but do no damage.
The crimson imp blinks!
You slash the crimson imp! The crimson imp hits you.
* * * LOW HITPOINT WARNING * * *
You barely miss the crimson imp.
The crimson imp blinks!
You start resting.
The crimson imp is too close now for your liking.
You hit the crimson imp but do no damage.
The crimson imp hits you.
* * * LOW HITPOINT WARNING * * *
You miss the crimson imp. The crimson imp hits you.
* * * LOW HITPOINT WARNING * * *
It was a potion of degeneration.
There was something very wrong with that liquid.
You feel weakened.
You feel dopey.
You feel clumsy.
The crimson imp shouts, "Get thee hence, thou defiled toad-spotted haggard!"
The crimson imp barely misses you.
As you read the scroll labeled EKLAIS QAOLEPT, it crumbles to dust.
It is a scroll of identify.
d - a scroll of immolation The crimson imp hits you.
You die...

##### #
#.#.# #.
#.#.#
###..#...#
.....'._.+
#..)#
#.#5#
#.#@#
#####


You could see a crimson imp.

Vanquished Creatures
  3 crimson imps (D:4)
  An ooze (D:1)
  2 bats (D:1)
  A goblin (D:1)
  2 hobgoblins (D:1)
  2 jackals (D:1)
  5 kobolds
  3 rats
19 creatures vanquished.

Notes
Turn   | Place    | Note
-------+----------+-------------------------------------------
     0 | D:1      | MalarOregon the Merfolk Skald began the quest for the Orb.
     0 | D:1      | Reached XP level 1. HP: 16/16 MP: 3/3
   157 | D:1      | Reached XP level 2. HP: 14/23 MP: 5/5
   353 | D:1      | Reached skill level 1 in Armour
  1156 | D:2      | You fall through a shaft for 2 floors!
  1156 | D:4      | Found a shimmering altar of Xom.
  1156 | D:4      | Noticed a crimson imp
  1156 | D:4      | Noticed a crimson imp
  1156 | D:4      | Noticed a crimson imp
  1158 | D:4      | Noticed a crimson imp
  1171 | D:4      | Killed a crimson imp
  1171 | D:4      | Reached XP level 3. HP: 11/28 MP: 6/6
  1198 | D:4      | Reached XP level 4. HP: 7/34 MP: 7/7
  1467 | D:4      | Reached XP level 5. HP: 11/41 MP: 8/8
  1546 | D:4      | HP: 1/41 [crimson imp (3)]
  1548 | D:4      | Slain by a crimson imp

Skill      XL: |  1  2  3  4 |
---------------+-------------+-----
Armour         | 1 |  1.5
Dodging        | 3 |  3.8
Long Blades    | 3 |  3.9
Fighting       | 3 |  3.1
Spellcasting   | |  2.0
Charms         | |  3.2

Action                   |  1- 3 |  4- 6 || total
-------------------------+-------+-------++-------
Melee: Falchion          |    76 |   101 ||   177
  Use: Scroll            |       |     1 ||     1
       Potion            |       |     1 ||     1
  Eat: Ration            |       |     1 ||     1
Armor: Leather armour    |    26 |    16 ||    42
Dodge: Dodged            |    53 |    69 ||   122
       Rpst.: Falchion   |    10 |    27 ||    37
